[ AOE2 MATCH · #479006262 ]
1v1 EWGurjaras vs Goths
Player's team · LOSS
Rival team · WIN
[ REPLAY ANALYSIS · EXTRACTED FROM THE RECORDED GAME ]
Feudal
—
Castle
7:57
Imperial
—
| APM avg | 11.1 |
| APM peak | 20 |
| eAPM avg | 10.1 |
| Villagers / military | 49 / 17 |
Focus
⚔️ 24.7% · 🌾 75.3%
Armored Elephant ×8 · Chakram Thrower ×5 · Galley ×2 · Camel Scout ×1 · Fire Galley ×1 · Fishing Ship ×1
Feudal
—
Castle
9:59
Imperial
18:20
| APM avg | 18.0 |
| APM peak | 40 |
| eAPM avg | 14.1 |
| Villagers / military | 25 / 50 |
Focus
⚔️ 28.7% · 🌾 71.3%
Huskarl ×35 · Galley ×7 · Fishing Ship ×4 · Spearman ×3 · Mangonel ×2 · Unknown (2626) ×2
Match map
Initial resources + every placement click. Lines = walls · curves = elevation contours. ◆ gold · ⬟ stone · ● berries · ✦ relic · ◌ wall gap
Your base· ✓ Map-separated
Armateur's base· ✓ Map-separated
Smoothed initial terrain · ◌ = detected wall gap · hover for details
Inputs per minute
— BananaWednesday - - Armateur
Build order — BananaWednesday
119 actions detected in the replay
| 0:00 | Create | Villager (Male) |
| 0:09 | Build | House |
| 0:17 | Create | Villager (Male) |
| 0:32 | Create | Villager (Male) |
| 0:51 | Create | Villager (Male) |
| 1:00 | Build | House |
| 1:02 | Build | Stable |
| 1:05 | Research | Double-Bit Axe |
| 1:47 | Create | Villager (Male) |
| 1:48 | Create | Villager (Male) |
| 2:07 | Build | Archery Range |
| 2:12 | Build | Market |
| 2:16 | Create | Villager (Male) |
| 2:33 | Build | Dock |
| 2:43 | Create | Camel Scout |
| 2:58 | Create | Villager (Male) |
| 3:14 | Create | Villager (Male) |
| 3:30 | Create | Fishing Ship |
| 3:34 | Create | Villager (Male) |
| 3:47 | Build | Mining Camp |
| 3:50 | Create | Villager (Male) |
| 4:12 | Create | Villager (Male) |
| 4:27 | Build | House |
| 4:44 | Build | Stone Wall |
| 4:59 | Build | Stone Wall |
| 5:17 | Research | Castle Age |
| 5:26 | Build | Mining Camp |
| 5:43 | Build | Gate |
| 5:50 | Research | Horse Collar |
| 7:50 | Research | Tech 906 |
| 7:57 | Age | Castle Age |
| 7:59 | Create | Villager (Male) |
| 8:00 | Create | Villager (Male) |
| 8:06 | Build | Town Center |
| 8:45 | Create | Villager (Male) |
| 8:45 | Create | Villager (Male) |
| 9:00 | Build | Watch Tower |
| 9:03 | Research | War Galley (upgrade) |
| 9:04 | Create | Galley |
| 9:19 | Create | Villager (Male) |
| 9:19 | Create | Villager (Male) |
| 9:35 | Build | Stable |
| 9:42 | Build | Mining Camp |
| 10:08 | Create | Villager (Male) |
| 10:10 | Create | Villager (Male) |
| 10:10 | Create | Villager (Male) |
| 10:16 | Research | Fletching |
| 10:39 | Build | Castle |
| 10:53 | Create | Galley |
| 10:59 | Create | Fire Galley |
| 11:04 | Research | Gillnets |
| 11:28 | Create | Villager (Male) ×5 |
| 11:31 | Create | Villager (Male) ×5 |
| 11:54 | Build | Siege Workshop |
| 11:55 | Create | Chakram Thrower |
| 12:00 | Research | Kshatriyas |
| 12:17 | Create | Armored Elephant |
| 12:33 | Create | Villager (Male) |
| 12:42 | Build | Lumber Camp |
| 12:54 | Create | Chakram Thrower |
| 13:14 | Create | Armored Elephant |
| 13:22 | Research | Scale Barding Armor |
| 13:32 | Create | Chakram Thrower |
| 13:47 | Create | Chakram Thrower |
| 14:03 | Build | Farm |
| 14:04 | Build | Farm |
| 14:06 | Build | Farm |
| 14:08 | Build | Farm |
| 14:08 | Create | Villager (Male) |
| 14:09 | Create | Villager (Male) |
| 14:23 | Build | University |
| 14:44 | Build | Mill |
| 14:53 | Create | Armored Elephant |
| 15:04 | Build | Farm |
| 15:07 | Build | Farm |
| 15:27 | Create | Armored Elephant |
| 15:58 | Research | Ballistics |
| 16:15 | Create | Villager (Male) |
| 16:17 | Create | Villager (Male) |
| 16:42 | Research | Murder Holes |
| 16:49 | Build | Farm |
| 16:53 | Create | Villager (Male) |
| 16:53 | Create | Villager (Male) |
| 16:59 | Build | Farm |
| 17:26 | Research | Forging |
| 17:36 | Create | Chakram Thrower |
| 17:43 | Create | Armored Elephant |
| 17:52 | Research | Treadmill Crane |
| 18:01 | Create | Villager (Male) |
| 18:14 | Create | Villager (Male) |
| 18:18 | Build | Farm |
| 18:19 | Build | Mill |
| 18:34 | Build | Farm |
| 18:35 | Create | Villager (Male) |
| 18:49 | Create | Armored Elephant |
| 19:04 | Create | Villager (Male) |
| 19:04 | Create | Villager (Male) |
| 19:10 | Build | Farm |
| 19:12 | Research | Heavy Plow |
| 19:19 | Create | Armored Elephant |
| 19:46 | Build | Farm |
| 19:53 | Create | Villager (Male) |
| 19:56 | Create | Villager (Male) |
| 20:02 | Create | Armored Elephant |
| 20:31 | Build | Farm |
| 20:34 | Build | Farm |
| 20:38 | Create | Villager (Male) |
| 20:38 | Create | Villager (Male) |
| 21:08 | Research | Imperial Age |
| 21:17 | Build | Mining Camp |
| 21:41 | Build | Farm |
| 21:43 | Build | Farm |
| 21:49 | Build | Farm |
| 21:51 | Create | Villager (Male) |
| 21:51 | Create | Villager (Male) |
| 21:56 | Build | House |
| 21:57 | Build | House |
| 21:58 | Build | House |
| 21:59 | Build | House |
Build order — Armateur
121 actions detected in the replay
| 0:00 | Create | Villager (Male) |
| 0:01 | Create | Villager (Male) |
| 0:01 | Create | Villager (Male) |
| 0:01 | Create | Villager (Male) |
| 0:28 | Build | Dock |
| 0:41 | Build | Watch Tower |
| 0:45 | Create | Villager (Male) |
| 0:46 | Create | Villager (Male) |
| 1:00 | Create | Spearman |
| 1:17 | Build | Blacksmith |
| 1:19 | Build | House |
| 1:33 | Create | Galley |
| 1:50 | Research | Wheelbarrow |
| 2:07 | Research | Double-Bit Axe |
| 2:10 | Create | Galley |
| 2:10 | Create | Galley |
| 2:19 | Create | Villager (Male) |
| 2:36 | Build | Mining Camp |
| 2:46 | Research | Fletching |
| 2:50 | Build | House |
| 3:00 | Create | Galley |
| 3:09 | Build | House |
| 3:10 | Build | House |
| 3:22 | Create | Villager (Male) |
| 3:22 | Create | Villager (Male) |
| 3:22 | Create | Villager (Male) |
| 3:56 | Build | Dock |
| 4:01 | Build | House |
| 4:12 | Create | Fishing Ship |
| 4:12 | Create | Fishing Ship |
| 4:54 | Build | Dock |
| 5:06 | Build | House |
| 5:08 | Create | Villager (Male) |
| 5:08 | Create | Villager (Male) |
| 5:08 | Create | Villager (Male) |
| 5:29 | Create | Fishing Ship |
| 5:29 | Create | Fishing Ship |
| 5:39 | Create | Villager (Male) |
| 6:08 | Build | Market |
| 6:17 | Create | Demolition Raft |
| 7:19 | Research | Castle Age |
| 7:30 | Create | Unit 2626 |
| 7:30 | Create | Unit 2626 |
| 8:13 | Create | Villager (Male) |
| 8:13 | Create | Villager (Male) |
| 8:25 | Create | Galley |
| 8:26 | Create | Galley |
| 8:37 | Research | Stone Mining |
| 8:39 | Create | Spearman |
| 8:39 | Create | Spearman |
| 9:17 | Build | House |
| 9:19 | Build | House |
| 9:22 | Build | House |
| 9:32 | Build | House |
| 9:47 | Build | House |
| 9:56 | Create | Galley |
| 9:59 | Age | Castle Age |
| 10:10 | Research | War Galley (upgrade) |
| 10:29 | Build | Castle |
| 10:56 | Build | Town Center |
| 11:04 | Build | Town Center |
| 12:01 | Build | Mining Camp |
| 12:12 | Build | House |
| 12:17 | Build | House |
| 12:21 | Create | Huskarl |
| 12:21 | Create | Huskarl |
| 12:21 | Create | Huskarl |
| 12:31 | Research | Bodkin Arrow |
| 12:53 | Research | Squires |
| 13:20 | Build | House |
| 13:31 | Build | Siege Workshop |
| 13:40 | Create | Huskarl |
| 13:41 | Create | Huskarl |
| 14:29 | Create | Huskarl |
| 14:30 | Create | Huskarl |
| 15:10 | Research | Imperial Age |
| 15:29 | Create | Mangonel |
| 15:42 | Create | Villager (Male) |
| 15:42 | Create | Villager (Male) |
| 15:58 | Create | Huskarl |
| 15:58 | Create | Huskarl |
| 16:35 | Create | Villager (Male) |
| 16:40 | Build | Farm |
| 16:41 | Build | Farm |
| 16:42 | Build | Farm |
| 16:42 | Build | Farm |
| 16:42 | Build | Farm |
| 16:42 | Build | Farm |
| 16:43 | Build | Farm |
| 16:51 | Build | House |
| 17:07 | Build | House |
| 17:15 | Build | House |
| 18:05 | Build | House |
| 18:08 | Build | House |
| 18:20 | Age | Imperial Age |
| 18:20 | Create | Trebuchet (Packed) |
| 18:21 | Create | Trebuchet (Packed) |
| 18:29 | Research | Pikeman (upgrade) |
| 18:37 | Create | Villager (Male) |
| 18:37 | Create | Villager (Male) |
| 18:37 | Create | Villager (Male) |
| 18:37 | Create | Villager (Male) |
| 18:38 | Create | Villager (Male) |
| 18:38 | Create | Villager (Male) |
| 19:11 | Research | Gold Mining |
| 19:30 | Create | Huskarl ×5 |
| 19:31 | Create | Huskarl ×2 |
| 19:31 | Create | Huskarl ×2 |
| 19:40 | Research | Scale Mail Armor |
| 20:15 | Create | Mangonel |
| 20:37 | Build | House |
| 20:46 | Build | House |
| 20:48 | Build | House |
| 20:56 | Build | Palisade Wall |
| 21:53 | Create | Huskarl ×5 |
| 21:53 | Create | Huskarl ×5 |
| 21:53 | Create | Huskarl ×5 |
| 21:54 | Create | Huskarl ×2 |
| 22:20 | Research | Chain Mail Armor |
| 23:19 | Build | Mining Camp |
| 23:33 | Research | Forging |
Match timeline
| 0:28 | Armateur · first_building Dock |
| 1:02 | BananaWednesday · first_building Stable |
| 2:07 | BananaWednesday · first_building Archery Range |
| 2:33 | BananaWednesday · first_building Dock |
| 4:44 | BananaWednesday · wall_segment Stone Wall x18 |
| 4:59 | BananaWednesday · wall_segment Stone Wall x12 |
| 7:05 | Armateur · first_market_sell 100 wood |
| 7:09 | Armateur · first_market_buy 100 food |
| 7:57 | BananaWednesday · age_up castle |
| 9:59 | Armateur · age_up castle |
| 10:29 | Armateur · first_building Castle |
| 10:39 | BananaWednesday · first_building Castle |
| 11:54 | BananaWednesday · first_building Siege Workshop |
| 13:31 | Armateur · first_building Siege Workshop |
| 18:20 | Armateur · age_up imperial |
| 19:38 | BananaWednesday · first_market_sell 500 wood |
| 19:39 | BananaWednesday · first_market_buy 100 food |
| 20:56 | Armateur · wall_segment Palisade Wall x1 |
| 24:03 | BananaWednesday · resign |
[ AI ANALYSIS · 1 CREDIT ]
What really happened in this match?
Wolo.gg analyzes every decision: build order, eco, micro, common mistakes by bracket. Personalized analysis on WhatsApp or Discord in 30 seconds.
Civ guide
Gurjaras
Map guide
Glacis
Perfil
Jugador #10159080